 Dungeon Crawl Stone Soup version 0.31-a0-180-g519b7de00c (webtiles) character file.

Game seed: 1733649674207019236

140159 mopl the Convoker (level 17, -3/133 HPs)
             Began as a Barachi Summoner on June 18, 2023.
             Was a High Priest of Sif Muna.
             Slain by an entropy weaver (12 damage)
             ... on level 3 of the Spider Nest on June 19, 2023.
             The game lasted 01:30:23 (24505 turns).

mopl the Convoker (Barachi Summoner)               Turns: 24505, Time: 01:30:23

Health: -3/133     AC:  3    Str: 13    XL:     17   Next: 30%
Magic:  9/37       EV: 13    Int: 28    God:    Sif Muna [*****.]
Gold:   2724       SH: 14    Dex: 13    Spells: 2/49 levels left

rFire   + . .        f - +7 long sword "Ycosytuth" {speed, rPois}
rCold   . . .        C - +2 kite shield {AC+3}
rNeg    + . .        O - +0 acid dragon scales
rPois   +            V - +0 helmet
rElec   +            d - scarf {repulsion}
rCorr   +            Z - +0 pair of gloves "Ifiulup" {rF+ Str+2 SInv}
SInv    +            L - +2 pair of boots {Fly}
Will    +....        p - amulet of faith {!P}
Stlth   +            q - ring "Idgham" {*Corrode +Blink rElec Int+6 SInv}
HPRegen 0.42/turn    N - ring of Brilliance {rPois rN+}
MPRegen 0.25/turn

%: corrode self (3%), repel missiles, faith
@: corroded, unable to hop, flying, slow
A: amphibious, slowness 1, strong legs 2, +LOS
a: Hop, Renounce Religion, Evoke Blink, Channel Magic, Forget Spell, Divine
Exegesis


You were on level 3 of the Spider Nest.
You worshipped Sif Muna.
Sif Muna was extremely pleased with you.
You visited 5 branches of the dungeon, and saw 26 of its levels.
You also visited: Gauntlet.

You collected 3455 gold pieces.
You spent 731 gold pieces at shops.

Inventory:

Hand Weapons
 f - the +7 long sword "Ycosytuth" (weapon) {speed, rPois}
   (You found it on level 3 of the Dungeon)

   rPois:     It protects you from poison.
Missiles
 i - 69 poisoned darts
 j - 9 curare-tipped darts
 w - a boomerang of dispersal
 W - a throwing net
Armour
 d - a scarf of repulsion (worn)
 C - a +2 kite shield of protection (worn)
 L - a +2 pair of boots of flying (worn)
 O - +0 acid dragon scales (worn)
 V - a +0 helmet (worn)
 Z - the +0 pair of gloves "Ifiulup" (worn) {rF+ Str+2 SInv}
   (You found it on level 10 of the Dungeon)

   Str:       It affects your strength (+2).
   rF:        It protects you from fire.
   SInv:      It lets you see invisible.
Jewellery
 l - a ring of willpower
 p - an amulet of faith (around neck) {!P}
 q - the ring "Idgham" (left hand) {*Corrode +Blink rElec Int+6 SInv}
   (You found it in a Gauntlet)

   [ring of see invisible]

   Int:       It affects your intelligence (+6).
   rElec:     It insulates you from electricity.
   SInv:      It lets you see invisible.
   +Blink:    It lets you blink.
   *Corrode:  It may corrode you when you take damage.
 N - the ring of Brilliance (right hand) {rPois rN+}
   (You found it on level 7 of the Dungeon)

   [ring of positive energy]

   rPois:     It protects you from poison.
   rN:        It protects you from negative energy.
 X - a ring of ice
Wands
 s - a wand of mindburst (31)
 u - a wand of flame (20)
 A - a wand of digging (2)
 D - a wand of iceblast (3)
 I - a wand of light (11)
 Q - a wand of charming (7)
 S - a wand of polymorph (8)
Scrolls
 g - 5 scrolls of teleportation
 h - 2 scrolls of vulnerability {unknown}
 m - 8 scrolls of fear
 n - 2 scrolls of butterflies {unknown}
 y - 5 scrolls of enchant weapon {unknown}
 z - 3 scrolls of silence {unknown}
 B - 3 scrolls of revelation
 E - 2 scrolls of torment {unknown}
 G - 5 scrolls of poison
 H - 11 scrolls of immolation
 J - 5 scrolls of fog {unknown}
 Y - 2 scrolls of blinking
Potions
 b - 4 potions of magic
 c - 7 potions of curing
 k - 2 potions of enlightenment
 o - 5 potions of ambrosia
 t - 3 potions of cancellation
 v - 3 potions of lignification {!q}
 x - a potion of resistance
 F - a potion of invisibility
 K - 3 potions of heal wounds
 M - a potion of brilliance
 U - a potion of haste
Miscellaneous
 a - a piece from Xom's chessboard (15/15)
 T - a phantom mirror


   Skills:
 + Level 12.0 Fighting
 + Level 4.7 Armour
 + Level 9.1 Dodging
 - Level 1.7 Stealth
 + Level 11.5 Shields
 * Level 16.6 Spellcasting
 * Level 19.8 Summonings
 + Level 3.1 Translocations
 + Level 7.3 Invocations
 + Level 8.8 Evocations


You had 2 spell levels left.
You knew the following spells:

 Your Spells              Type           Power      Damage    Failure   Level
a - Summon Cactus Giant   Summ           47%        N/A       1%          6
b - Call Imp              Summ           100%       N/A       0%          2
c - Call Canine Familiar  Summ           94%        N/A       0%          3
d - Summon Ice Beast      Ice/Summ       68%        N/A       1%          4
e - Summon Small Mammal   Summ           100%       N/A       0%          1
f - Summon Forest         Summ/Tloc      36%        N/A       1%          5
g - Summon Guardian Gole  Hex/Summ       68%        N/A       1%          3
h - Summon Hydra          Summ           47%        N/A       1%          7
i - Summon Lightning Spi  Summ/Air       68%        N/A       1%          4
j - Animate Armour        Summ/Erth      100%       N/A       1%          4
t - Summon Horrible Thin  Summ           47%        N/A       12%         8

Your spell library contained the following spells:

 Spells                   Type           Power      Damage    Failure   Level
 Lesser Beckoning         Tloc           82%        N/A       2%          2
 Beastly Appendage        Tmut           46%        N/A       6%          1
 Foxfire                  Conj/Fire      92%        2x1d8     6%          1
 Magic Dart               Conj           92%        1d7       6%          1
 Shock                    Conj/Air       92%        1d8       6%          1
 Slow                     Hex            92%        N/A       6%          1
 Cigotuvi's Dreadful Rot  Necr/Pois/Air  46%        N/A       10%         2
 Ensorcelled Hibernation  Hex/Ice        46%        N/A       10%         2
 Poisonous Vapours        Pois/Air       46%        N/A       10%         2
 Sublimation of Blood     Necr           23%        N/A       10%         2
 Wereblood                Tmut           23%        N/A       10%         2
 Summon Mana Viper        Hex/Summ       68%        N/A       3%          5
 Gell's Gravitas          Tloc           41%        N/A       5%          3
 Teleport Other           Tloc           41%        N/A       5%          3
 Passage of Golubria      Tloc           41%        N/A       17%         4
 Confusing Touch          Hex            23%        N/A       19%         3
 Frozen Ramparts          Ice            46%        1d7       19%         3
 Ignite Poison            Fire/Tmut/Pois 23%        N/A       19%         3
 Inner Flame              Hex/Fire       23%        N/A       19%         3
 Mephitic Cloud           Conj/Pois/Air  23%        N/A       19%         3
 Spider Form              Tmut/Pois      23%        N/A       19%         3
 Swiftness                Air            23%        N/A       19%         3
 Tukima's Dance           Hex            23%        N/A       19%         3
 Vampiric Draining        Necr           23%        2d7       19%         3
 Malign Gateway           Summ/Tloc      36%        N/A       43%         7
 Airstrike                Air            11%        2d(2-18)  54%         4
 Dispel Undead            Necr           23%        3d12      54%         4
 Flame Wave               Conj/Fire      23%        2d8       54%         4
 Ice Form                 Ice/Tmut       23%        N/A       54%         4
 Leda's Liquefaction      Hex/Erth       11%        N/A       54%         4
 Sticky Flame             Conj/Fire      23%        2d4       54%         4
 Haunt                    Necr/Summ      34%        N/A       67%         7
 Spellforged Servitor     Conj/Summ      34%        N/A       67%         7
 Arcjolt                  Conj/Air       11%        1d21      87%         5
 Blade Hands              Tmut           11%        N/A       87%         5
 Freezing Cloud           Conj/Ice/Air   11%        6-21      87%         5
 Iskenderun's Battlesphe  Conj           23%        2d8       87%         5
 Lee's Rapid Deconstruct  Erth           11%        3d8*      87%         5
 Silence                  Hex/Air        11%        N/A       87%         5
 Yara's Violent Unravell  Hex/Tmut       11%        3d6       87%         5
 Dragon's Call            Summ           47%        N/A       88%         9
 Conjure Ball Lightning   Conj/Air       11%        3x3d6     100%        6
 Death Channel            Necr           11%        N/A       100%        6
 Eringya's Noxious Bog    Tmut/Pois      11%        N/A       100%        6
 Leda's Unmaking          Conj/Erth      11%        9d3       100%        6
 Statue Form              Tmut/Erth      15%        N/A       100%        6
 Orb of Destruction       Conj           11%        9d6       100%        7
 Death's Door             Necr           11%        N/A       100%        9


Dungeon Overview and Level Annotations

Branches:
Dungeon (15/15)            Temple (1/1) D:5            Lair (5/5) D:9
 Shoals (0/4) Lair:3       Spider (3/4) Lair:2          Orc (2/2) D:11
    Elf (0/3) Orc:2        Vaults (0/5) D:13         Depths (0/4) D:15
Gauntlet (visited)
  Slime: Lair:4-5

Altars:
Ashenzari
Dithmenos
Elyvilon
Gozag
Hepliaklqana
Kikubaaqudgha
Nemelex Xobeh
Okawaru
Qazlal
Ru
Sif Muna
Trog
Vehumet
Xom
Yredelemnul
Jiyva

Shops:
D:1 ?   D:7 (   D:11 (   Orc:1 =   Orc:2 =?=(

Annotations:
Lair:5 exclusion: 2 oklob plants
Spider:3 Mlioglotl
Orc:1 2 transporters, Umososh's ghost, journeyman MiBe


Innate Abilities, Weirdness & Mutations

You are amphibious.
You cover ground slowly.
You can hop long distances.
You have an extended range of vision and can be seen from far away.


Message History

* * * LOW HITPOINT WARNING * * *
Being near the torpor snail leaves you feeling lethargic.
The culicivora is engulfed in spectral mist.
The culicivora dies!
The redback bites your four-headed hydra!
The jumping spider is engulfed in spectral mist.
The tyrant leech is engulfed in spectral mist.
Your four-headed hydra bites the redback!!
The redback dies!
Sif Muna accepts your kill.
Your four-headed hydra bites the ghost crab but does no damage.
Your four-headed hydra bites the ghost crab. x2
Unknown command.
The entropy weaver attacks as you move away!
You block the entropy weaver's attack. The entropy weaver barely misses you.
The entropy weaver hits you.
* * * LOW HITPOINT WARNING * * *
The entropy weaver hits you.
* * * LOW HITPOINT WARNING * * *
You feel yourself speed up. You block the jumping spider's attack.
The jumping spider barely misses you.
The entropy weaver is engulfed in spectral mist.
You block the entropy weaver's attack. The entropy weaver hits you!
* * * LOW HITPOINT WARNING * * *
The entropy weaver hits you.
* * * LOW HITPOINT WARNING * * *
The entropy weaver misses you.
The jumping spider pounces on you but does no damage.
The jumping spider bites you but does no damage.
The ghost crab breathes spectral mist at you.
The spectral mist engulfs the jumping spider but does no damage.
The tyrant leech is caught in a web!
Your four-headed hydra bites the ghost crab! x2
Your four-headed hydra bites the ghost crab but does no damage.
Your four-headed hydra bites the ghost crab!
The entropy weaver is engulfed in spectral mist.
The entropy weaver hits you!
* * * LOW HITPOINT WARNING * * *
The entropy weaver hits you!
You die...

#t≈§§§....#^## ###..##......#
##≈☼.###.##..# #...#...#..#
######## #..#..### ..##.#.##..#
..# ###..#.#§.# #..^#....#..#
..# #.#.w#††#.##...#^#..##..# #
. ...#§☼wD#..^# ###..#.#.# .
#...# #..###t☼#Z######.>..### ^
.# .#....#H§s#B○#.#..#.##..^# .#
...#..###.###@##....#..##^.## ..
.#..#.#.#..§§§§§.#.#^..†^#..#
..#.##.^.....#§#§§##...#.#..#.^#
..#. #)..##......#..#..#.##...#
#.^#. [ #....#.#..#..#...^#..##
#..#...###.#..##^....#.^.#...#.#
D##...#......#..##..#.##.###...#
#...#..#...#.#...#..... .#.#
.#...##.#...##.<.#...#. .


You could see a jorogumo, an entropy weaver (ally target), a tyrant leech
(webbed), a ghost crab (distracted), a spectral ghost moth (summoned), a jumping
spider and a friendly four-headed hydra (summoned, extremely poisoned, slow).

Vanquished Creatures
  A ghost moth (Spider:2)
  A dire elephant (Lair:5)
  2 spark wasps (Spider:2)
  3 boulder beetles
  A centaur warrior (D:14)
  A death yak (Lair:4)
  2 wolf spiders
  2 elephants
  A cyclops (D:13)
  An unseen horror (D:13)
  4 cane toads
  A kobold demonologist (D:9)
  2 komodo dragons
  2 rime drakes
  2 trolls
  3 tarantellas
  3 saltlings (Orc:2)
  A tyrant leech (Spider:3)
  3 blink frogs
  A slime creature (D:12)
  3 culicivoras
  4 jumping spiders
  A shadow (D:9)
  A vampire (D:12)
  8 yaks
  A yak (shapeshifter) (D:15)
  2 redbacks (Spider:1)
  4 vampire mosquitoes (D:13)
  2 wargs
  2 water moccasins
  6 orc warriors
  A black bear (D:4)
  2 ice beasts
  A sky beast (D:7)
  4 wolves
  4 ogres
  12 centaurs
  2 phantoms
  4 kobold brigands
  7 bullfrogs
  2 scorpions (D:5)
  A wight (D:8)
  A howler monkey (D:10)
  2 electric eels
  2 hounds
  A gnoll bouda (Lair:2)
  8 orc priests
  Jessica (D:2)
  A sleepcap (D:5)
  3 iguanas
  12 orc wizards
  A boggart simulacrum (D:14)
  3 gnolls
  8 adders
  2 worms
  3 dart slugs
  38 orcs
  A bat zombie (D:10)
  4 endoplasms
  A giant cockroach (D:3)
  5 goblins
  3 hobgoblins
  3 quokkas
  5 ball pythons
  4 bats
  5 frilled lizards
  9 kobolds
  3 rats (D:1)
  3 rat zombies (D:10)
243 creatures vanquished.

Vanquished Creatures (collateral kills)
  Arachne (Spider:3)
  A tengu reaver (D:13)
  A fire giant (D:13)
  A frost giant (D:13)
  A ghost moth (Spider:2)
  2 orc warlords (Orc:1)
  A broodmother (Spider:3)
  A dire elephant (Lair:5)
  A minotaur (Gauntlet)
  A spark wasp (Spider:3)
  2 ettins (Orc:1)
  A fire dragon (D:13)
  The ghost of dohliylev the Severer, a journeyman MiBe of Trog (D:10)
  4 entropy weavers
  Erolcha (D:9)
  A rakshasa (D:15)
  4 hydras
  A great orb of eyes (D:15)
  5 boulder beetles
  4 centaur warriors
  A radroach (Spider:1)
  A catoblepas (Lair:5)
  2 tengu warriors (D:13)
  7 two-headed ogres
  An orc high priest (Orc:2)
  9 death yaks
  6 demonic crawlers
  3 skysharks
  5 pharaoh ants (Spider:2)
  A spectral anaconda (Lair:5)
  5 orb spiders
  2 wizards (D:13)
  An obsidian statue (Lair:5)
  3 deep elf pyromancers
  A steelbarb worm (shapeshifter) (D:15)
  A lindwurm (Lair:5)
  An oklob plant (Lair:2)
  4 necromancers (Lair:5)
  8 orc knights (Orc:2)
  5 ugly things
  6 steelbarb worms
  3 manticores
  2 orc sorcerers (Orc:2)
  8 wolf spiders
  6 cyclopes
  5 black mambas
  2 centaur zombies (Gauntlet)
  18 elephants
  2 rime drakes
  2 merfolk sirens (Lair:3)
  4 torpor snails
  9 cane toads
  2 efreet
  An unseen horror (D:10)
  6 komodo dragons
  2 kobold demonologists
  An ice devil (Gauntlet)
  A yaktaur (shapeshifter) (D:14)
  4 trolls
  A queen bee (shapeshifter) (D:15)
  2 tengu conjurers (D:13)
  A meliai (shapeshifter) (D:13)
  A freezing wraith (D:14)
  A meliai (D:13)
  4 tyrant leeches (Spider:3)
  9 blink frogs
  A polar bear (Lair:5)
  16 tarantellas
  8 slime creatures
  7 culicivoras
  10 jumping spiders
  Sigmund (D:2)
  2 shadows
  3 nameless horrors
  A vampire (D:10)
  2 wyverns
  A wraith (D:10)
  27 yaks
  5 basilisks
  32 redbacks
  5 vampire mosquitoes (Spider:3)
  3 death yak simulacra (Lair:5)
  3 wargs
  8 water moccasins
  2 spectral cane toads (Lair:5)
  An acid dragon (D:8)
  A spectral hornet (Gauntlet)
  17 orc warriors
  2 sky beasts (D:7)
  3 black bears
  An elephant zombie (Lair:5)
  2 ogres
  9 wolves
  An elephant skeleton (Lair:5)
  2 centaurs
  2 kobold brigands (D:10)
  A bullfrog (D:6)
  2 scorpions (D:6)
  A gnoll sergeant (D:10)
  7 wights
  4 elephant simulacra (Lair:5)
  7 killer bees
  An electric eel (D:9)
  4 orc priests
  4 hounds
  2 jellies (D:5)
  A gnoll bouda (D:5)
  A sleepcap (D:7)
  2 iguanas
  9 orc wizards
  12 gnolls
  2 white imps (Gauntlet)
  A worm (D:2)
  A dart slug (D:5)
  39 orcs
  A goblin (D:4)
  2 kobolds
  A rat (D:3)
488 creatures vanquished.

Vanquished Creatures (others)
  Asterion (Spider:1)
  An orc warlord (Orc:2)
  2 two-headed ogres (D:11)
  A skyshark (Lair:4)
  A death drake (Gauntlet)
  A cyclops (D:11)
  2 hornets (Gauntlet)
  A culicivora (Spider:3)
  A yak (D:9)
  A nameless horror (Spider:3)
  A centaur (D:10)
  2 elephant simulacra (Lair:5)
  An electric eel (Spider:3)
  A hound (D:9)
  2 orcs (D:7)
  4 snaplasher vines (Lair:5)
23 creatures vanquished.

Grand Total: 754 creatures vanquished

Notes
Turn   | Place    | Note
-------+----------+-------------------------------------------
     0 | D:1      | mopl the Barachi Summoner began the quest for the Orb.
     0 | D:1      | Reached XP level 1. HP: 13/13 MP: 3/3
   331 | D:1      | Reached skill level 5 in Summonings
   372 | D:1      | Found Vetic's Magic Scroll Shop.
   375 | D:1      | Reached XP level 2. HP: 19/19 MP: 3/5
   378 | D:1      | Learned a level 2 spell: Call Imp
   390 | D:1      | Bought a scroll of identify for 24 gold pieces
   845 | D:2      | Reached skill level 3 in Spellcasting
   845 | D:2      | Reached XP level 3. HP: 21/24 MP: 1/7
   964 | D:2      | Learned a level 3 spell: Call Canine Familiar
  1063 | D:2      | Noticed Jessica
  1070 | D:2      | Killed Jessica
  1071 | D:2      | Reached XP level 4. HP: 19/30 MP: 4/9
  1457 | D:2      | Noticed Sigmund
  1469 | D:2      | Killed Sigmund
  1470 | D:2      | Reached skill level 4 in Spellcasting
  1470 | D:2      | Reached skill level 6 in Summonings
  1470 | D:2      | Reached XP level 5. HP: 26/35 MP: 4/11
  1557 | D:3      | Reached XP level 6. HP: 34/41 MP: 12/12
  1590 | D:3      | Reached skill level 7 in Summonings
  1825 | D:3      | Found a faded altar of an unknown god.
  1846 | D:3      | Identified the +7 long sword "Ycosytuth" {speed, rPois}
  1907 | D:3      | Reached skill level 5 in Spellcasting
  2302 | D:4      | Learned a level 3 spell: Summon Guardian Golem
  2307 | D:4      | Learned a level 4 spell: Summon Lightning Spire
  2310 | D:4      | Noticed a black bear
  2318 | D:4      | Killed a black bear
  2319 | D:4      | Reached XP level 7. HP: 44/46 MP: 10/15
  2432 | D:4      | Reached skill level 8 in Summonings
  2969 | D:4      | Found a sacrificial altar of Ru.
  2990 | D:5      | Entered Level 5 of the Dungeon
  2995 | D:5      | Found a staircase to the Ecumenical Temple.
  3016 | Temple   | Entered the Ecumenical Temple
  3044 | Temple   | Became a worshipper of Sif Muna the Loreminder
  3162 | D:5      | Reached skill level 6 in Spellcasting
  3417 | D:5      | Reached XP level 8. HP: 39/52 MP: 17/17
  3442 | D:5      | Reached skill level 9 in Summonings
  3567 | D:5      | Reached * piety under Sif Muna
  3748 | D:5      | Reached skill level 7 in Spellcasting
  3955 | D:6      | Reached skill level 10 in Summonings
  4108 | D:1      | Bought a scroll of teleportation for 36 gold pieces
  4108 | D:1      | Bought a scroll of fear for 48 gold pieces
  4108 | D:1      | Bought a scroll of poison for 48 gold pieces
  4108 | D:1      | Bought a scroll of revelation for 90 gold pieces
  4108 | D:1      | Bought a scroll of immolation for 48 gold pieces
  4651 | D:5      | Reached skill level 1 in Shields
  4655 | D:5      | Reached skill level 8 in Spellcasting
  4784 | D:6      | Reached XP level 9. HP: 54/57 MP: 21/21
  5133 | D:6      | Reached skill level 2 in Shields
  5504 | D:7      | Found a white marble altar of Elyvilon.
  5504 | D:7      | Found a faded altar of an unknown god.
  5511 | D:7      | Found a basalt altar of Yredelemnul.
  5513 | D:7      | Found a broken altar of Ashenzari.
  5515 | D:7      | Found a stormy altar of Qazlal.
  5636 | D:7      | Found Vajig's Antique Weapon Emporium.
  5644 | D:7      | Reached skill level 11 in Summonings
  6001 | D:7      | Reached skill level 3 in Shields
  6021 | D:7      | Reached skill level 9 in Spellcasting
  6089 | D:7      | Noticed a two-headed ogre
  6094 | D:7      | Reached ** piety under Sif Muna
  6095 | D:7      | Killed a two-headed ogre
  6096 | D:7      | Reached skill level 4 in Shields
  6096 | D:7      | Reached skill level 12 in Summonings
  6096 | D:7      | Reached XP level 10. HP: 63/63 MP: 11/23
  6274 | D:7      | Identified the ring of Brilliance {rPois rN+}
  6543 | D:8      | Reached skill level 1 in Fighting
  7073 | D:8      | Reached skill level 10 in Spellcasting
  7189 | D:8      | Reached skill level 2 in Fighting
  7347 | D:9      | Noticed a kobold demonologist
  7442 | D:9      | Noticed Erolcha
  7579 | D:9      | Killed Erolcha
  7580 | D:9      | Reached skill level 3 in Fighting
  7580 | D:9      | Reached skill level 5 in Shields
  7637 | D:9      | Reached skill level 13 in Summonings
  7672 | D:9      | Reached XP level 11. HP: 75/76 MP: 12/25
  7680 | D:9      | Reached skill level 4 in Fighting
  7688 | D:9      | Reached *** piety under Sif Muna
  7706 | D:9      | Reached skill level 11 in Spellcasting
  7861 | D:9      | Found a staircase to the Lair.
  7913 | D:9      | Reached skill level 6 in Shields
  7971 | D:9      | Noticed a two-headed ogre
  7995 | D:9      | Killed a two-headed ogre
  8139 | D:9      | Found a shadowy altar of Dithmenos.
  8315 | D:10     | Entered Level 10 of the Dungeon
  8315 | D:10     | Noticed dohliylev's ghost (journeyman MiBe)
  8315 | D:10     | Found a runed translucent gate.
  8315 | D:10     | Found a runed translucent gate.
  8315 | D:10     | Found a runed translucent gate.
  8317 | D:10     | Identified the +10 plate armour "Okuimu" {Harm Rampage
                  | rElec}
  8336 | D:10     | Reached skill level 14 in Summonings
  8343 | D:10     | Reached skill level 5 in Fighting
  8667 | D:10     | Reached **** piety under Sif Muna
  9112 | D:10     | Found an ancient bone altar of Kikubaaqudgha.
  9201 | D:11     | Noticed a boulder beetle
  9241 | D:11     | Noticed a two-headed ogre
  9257 | D:11     | Killed a two-headed ogre
  9258 | D:11     | Reached skill level 12 in Spellcasting
  9402 | D:11     | Noticed a two-headed ogre
  9408 | D:11     | Killed a two-headed ogre
  9409 | D:11     | Reached skill level 6 in Fighting
  9409 | D:11     | Reached skill level 7 in Shields
  9484 | D:11     | Noticed a boulder beetle
  9505 | D:11     | Killed a boulder beetle
  9506 | D:11     | Reached XP level 12. HP: 88/88 MP: 14/28
  9660 | D:11     | Noticed a boulder beetle
  9694 | D:11     | Killed a boulder beetle
  9695 | D:11     | Reached skill level 15 in Summonings
  9696 | D:11     | Reached ***** piety under Sif Muna
  9702 | D:11     | Killed a boulder beetle
  9705 | D:11     | Received a gift from Sif Muna
  9795 | D:11     | Found a staircase to the Orcish Mines.
  9796 | D:11     | Found Ceeduw's Weapon Shoppe.
  9868 | D:11     | Learned a level 7 spell: Summon Hydra
  9924 | Lair:1   | Entered Level 1 of the Lair of Beasts
  9983 | Lair:1   | Reached skill level 1 in Evocations
 10008 | Lair:1   | Reached skill level 1 in Invocations
 10038 | Lair:1   | Found a gate leading to a gauntlet.
 10046 | Gauntlet | Entered a Gauntlet
 10046 | Gauntlet | Found a transporter.
 10046 | Gauntlet | Found a transporter.
 10050 | Gauntlet | Found a transporter.
 10065 | Gauntlet | Found a transporter.
 10079 | Gauntlet | Found a transporter.
 10092 | Gauntlet | Found a transporter.
 10098 | Gauntlet | Noticed a dire elephant
 10099 | Gauntlet | Found a transporter.
 10138 | Gauntlet | Found a transporter.
 10162 | Gauntlet | Found a transporter.
 10177 | Gauntlet | Found a transporter.
 10177 | Gauntlet | Found a transporter.
 10191 | Gauntlet | Found a transporter.
 10204 | Gauntlet | Found a transporter.
 10210 | Gauntlet | Found a transporter.
 10300 | Gauntlet | Found a transporter.
 10300 | Gauntlet | Found a transporter.
 10533 | Gauntlet | Identified the ring "Idgham" {*Corrode +Blink rElec Int+6
                  | SInv}
 10547 | Gauntlet | Reached skill level 7 in Fighting
 10547 | Gauntlet | Reached skill level 3 in Dodging
 10681 | Gauntlet | Noticed a minotaur
 10690 | Gauntlet | Killed a minotaur
 10691 | Gauntlet | Reached skill level 2 in Evocations
 10880 | Lair:1   | Reached skill level 13 in Spellcasting
 10935 | Lair:1   | Reached skill level 8 in Shields
 10938 | Lair:1   | Reached skill level 2 in Invocations
 10971 | Lair:1   | You are sucked into a shaft and drop 1 floor!
 10971 | Lair:2   | Noticed a skyshark
 10971 | Lair:2   | Noticed a seven-headed hydra
 10978 | Lair:2   | Killed a skyshark
 10984 | Lair:2   | Killed a seven-headed hydra
 11250 | Lair:2   | Gained mutation: You can hop long distances. [Barachi
                  | growth]
 11250 | Lair:2   | Reached XP level 13. HP: 96/96 MP: 22/30
 11252 | Lair:2   | Reached skill level 3 in Evocations
 11768 | Lair:2   | Reached skill level 4 in Dodging
 11768 | Lair:2   | Reached skill level 16 in Summonings
 12072 | Lair:2   | Received a gift from Sif Muna
 12073 | Lair:2   | Got Sif Muna's Excursus on the Variable Storm {god gift}
 12074 | Lair:2   | Found a hole to the Spider Nest.
 12624 | Lair:3   | Reached skill level 8 in Fighting
 12624 | Lair:3   | Reached skill level 3 in Invocations
 12753 | Lair:3   | Learned a level 5 spell: Summon Forest
 13088 | Lair:3   | Found a staircase to the Shoals.
 13445 | Lair:4   | Reached skill level 4 in Evocations
 13562 | Lair:4   | Reached skill level 5 in Dodging
 13906 | Lair:4   | Reached skill level 9 in Shields
 13978 | Lair:4   | Reached skill level 14 in Spellcasting
 14096 | Lair:4   | Received a gift from Sif Muna
 14097 | Lair:4   | Got Sif Muna's Tome of Mustering and Malediction {god gift}
 14103 | Lair:4   | Learned a level 4 spell: Animate Armour
 14229 | Lair:5   | Entered Level 5 of the Lair of Beasts
 14272 | Lair:5   | Reached skill level 4 in Invocations
 14306 | Lair:5   | Reached XP level 14. HP: 105/106 MP: 12/32
 14419 | Lair:5   | Reached skill level 17 in Summonings
 14419 | Lair:5   | Reached skill level 5 in Evocations
 14426 | Lair:5   | Reached skill level 9 in Fighting
 14574 | Lair:5   | Reached skill level 6 in Dodging
 14696 | Lair:5   | Found a viscous altar of Jiyva.
 14884 | Lair:5   | Noticed a dire elephant
 14884 | Lair:5   | Noticed a dire elephant
 14938 | Lair:5   | Killed a dire elephant
 15140 | Lair:5   | Reached skill level 5 in Invocations
 15158 | Lair:5   | Killed a dire elephant
 15453 | Lair:5   | Identified the staff "Ilob Qymiz" {rElec rN+ rCorr Necro}
 15473 | Lair:5   | Reached skill level 6 in Evocations
 15477 | Lair:5   | Received a gift from Sif Muna
 15478 | Lair:5   | Got Sif Muna's Folio of Production and Unhallowed Spells
                  | {god gift}
 15793 | Orc:1    | Entered Level 1 of the Orcish Mines
 15868 | Orc:1    | Found Rotim's Jewellery Boutique.
 16022 | Orc:1    | Noticed an orc warlord
 16035 | Orc:1    | HP: 3/109 [orc warlord/+0 long sword (34)]
 16041 | Orc:1    | Killed an orc warlord
 16151 | Orc:1    | Found a transporter.
 16154 | Orc:1    | Noticed Umososh's ghost (journeyman MiBe)
 16217 | Orc:1    | Noticed an orc warlord
 16226 | Orc:1    | Reached skill level 10 in Fighting
 16226 | Orc:1    | Reached XP level 15. HP: 102/115 MP: 8/33
 16234 | Orc:1    | Killed an orc warlord
 16235 | Orc:1    | Reached skill level 10 in Shields
 16235 | Orc:1    | Reached skill level 15 in Spellcasting
 16259 | Orc:1    | Found a transporter.
 16416 | Orc:2    | Entered Level 2 of the Orcish Mines
 16470 | Orc:2    | Reached skill level 18 in Summonings
 16553 | Orc:2    | Reached skill level 7 in Dodging
 16631 | Orc:2    | Received a gift from Sif Muna
 16640 | Orc:2    | Found Duaqost's Magic Scroll Shoppe.
 16646 | Orc:2    | Upgraded the game from 0.31-a0-177-g4aa6249778 to
                  | 0.31-a0-180-g519b7de00c
 16655 | Orc:2    | Found Quijun's Jewellery Shoppe.
 16663 | Orc:2    | Bought a scroll of blinking for 105 gold pieces
 16663 | Orc:2    | Bought a scroll of teleportation for 42 gold pieces
 16663 | Orc:2    | Bought a scroll of enchant armour for 105 gold pieces
 16663 | Orc:2    | Bought a scroll of identify for 28 gold pieces
 16663 | Orc:2    | Bought a scroll of brand weapon for 133 gold pieces
 16748 | Orc:2    | Noticed an orc warlord
 16762 | Orc:2    | Killed an orc warlord
 16835 | Orc:2    | Found Meal's Weapon Boutique.
 16879 | Orc:2    | Found Plog's Jewellery Shoppe.
 17035 | Orc:2    | Found a staircase to the Elven Halls.
 17456 | D:10     | Killed dohliylev's ghost
 17484 | D:10     | Identified the +0 pair of gloves "Ifiulup" {rF+ Str+2 SInv}
 17666 | D:1      | Bought a scroll of identify for 24 gold pieces
 17999 | D:12     | Received a gift from Sif Muna
 18023 | D:12     | Reached skill level 7 in Evocations
 18103 | D:12     | Identified a scroll of acquirement
 18104 | D:12     | Acquired 1128 gold pieces
 18351 | D:12     | Noticed Sonja
 18352 | D:12     | Sonja changed into Sonja the ice beast
 18352 | D:12     | Noticed Sonja
 18362 | D:12     | Killed Sonja the ice beast
 18714 | D:13     | Reached skill level 6 in Invocations
 18848 | D:13     | Learned a level 8 spell: Summon Horrible Things
 18961 | D:13     | Found a gate to the Vaults.
 19479 | D:13     | Noticed a frost giant
 19479 | D:13     | Noticed a tengu reaver
 19481 | D:13     | Noticed a fire giant
 19488 | D:13     | Killed a frost giant
 19497 | D:13     | Killed a fire giant
 19498 | D:13     | Killed a tengu reaver
 19499 | D:13     | Reached skill level 11 in Fighting
 19641 | D:13     | Identified the staff of the Eight Allies {Contam Str+2
                  | Int+4 Dex+3 Earth}
 19709 | D:14     | Reached skill level 8 in Dodging
 19709 | D:14     | Reached XP level 16. HP: 96/125 MP: 27/35
 19758 | D:14     | Received a gift from Sif Muna
 19766 | D:14     | Got Sif Muna's Secrets of Flammable Blasting {god gift}
 20009 | D:14     | Reached skill level 1 in Armour
 20448 | D:15     | Entered Level 15 of the Dungeon
 20595 | D:15     | Reached skill level 19 in Summonings
 20929 | D:15     | Reached skill level 2 in Armour
 20934 | D:15     | Found a staircase to the Depths.
 21156 | D:15     | Learned a level 4 spell: Summon Ice Beast
 21360 | Spider:1 | Entered Level 1 of the Spider Nest
 21400 | Spider:1 | Reached skill level 16 in Spellcasting
 21597 | Spider:1 | Reached skill level 11 in Shields
 21617 | Spider:1 | Reached skill level 8 in Evocations
 21821 | Spider:1 | Received a gift from Sif Muna
 21998 | Spider:1 | Reached skill level 3 in Armour
 22019 | Spider:1 | Noticed Asterion
 22025 | Spider:1 | Killed Asterion
 22408 | Spider:2 | Reached skill level 1 in Translocations
 22901 | Spider:2 | Reached skill level 7 in Invocations
 22964 | Spider:2 | Received a gift from Sif Muna
 23275 | Spider:2 | Learned a level 6 spell: Summon Cactus Giant
 23288 | Spider:2 | Reached skill level 2 in Translocations
 23289 | Spider:2 | Reached skill level 4 in Armour
 23448 | Spider:2 | Reached XP level 17. HP: 98/133 MP: 23/37
 23548 | Spider:2 | Reached skill level 9 in Dodging
 24300 | Spider:3 | Noticed Arachne
 24312 | Spider:3 | Killed Arachne
 24447 | Spider:3 | Reached skill level 12 in Fighting
 24457 | Spider:3 | Reached skill level 3 in Translocations
 24470 | Spider:3 | Noticed Mlioglotl
 24478 | Spider:3 | Noticed a Hell Sentinel
 24505 | Spider:3 | Slain by an entropy weaver

Illustrated notes

Levels and vault maps discovered:
D:1:      dpeg_arrival_subterranean_lakeside_camping, layout_basic,
          serial_shops, shop
D:2:      layout_loops_ring, kennysheep_generic_room_5, uniq_jessica,
          uniq_sigmund
D:3:      layout_basic, hellmonk_ecumenical_altar_zigzags, minivault_19
D:4:      layout_basic, kennysheep_mini, minmay_misc_feat_more_columns
D:5:      layout_basic, minmay_temple_entry_ruins
D:6:      layout_basic
D:7:      layout_gridville, chequers_temple_overflow_minitemple, serial_shops,
          nicolae_inconvenience_store, minivault_27, minivault_26
D:8:      layout_gridville
D:9:      layout_stronghold, grunt_dithmenos_shadows, erik_lair_island,
          nicolae_nh_ransacked_shop, uniq_erolcha
D:10:     layout_roguey, lemuel_zombie_altar_kikubaaqudgha,
          biasface_ghost_orc_armoury, minmay_starry_boxes
D:11:     layout_basic, orc_david_3
D:12:     layout_loops_ring, uniq_sonja
D:13:     minmay_shrinking_squares, layout_basic, david_vaults_1
D:14:     layout_loops_ring, dreamdust_princess_bridge
D:15:     gammafunk_enter_depths_forms, layout_basic, grunt_decor_cap
Temple:   regret_index_temple_waves
Lair:1:   layout_regular_city, gauntlet_entry_generic, serial_bayou_shore_a,
          lemuel_fruit_tree
Lair:2:   minmay_lair_oklob_chamber, layout_regular_city,
          spider_nest_entry_rubble, dreamdust_gnoll_shepherd
Lair:3:   layout_chaotic_city, elwin_shoals_entry_rooms
Lair:4:   layout_loops_ring, lemuel_fruit_fields, serial_bayou_shore_b,
          infiniplex_staircase_pool
Lair:5:   due_jungle_book, layout_regular_city,
          minmay_slime_entry_oklob_enclosed
Spider:1: layout_spider_delve, uniq_asterion
Spider:2: layout_spider_delve, nicolae_spider_some_kinda_spiderbox
Spider:3: nicolae_spider_mines_1, nicolae_spider_swamp_cousins, uniq_arachne,
          uniq_mlioglotl
Orc:1:    layout_caves, serial_shops, shop_statue, gammafunk_ghost_stat_death
Orc:2:    hellmonk_orc_salted, layout_caves

Skill      XL: |  1  2  3  4  5  6  7  8  9 10 11 12 13 14 15 16 17 |
---------------+----------------------------------------------------+-----
Summonings     | 5 6 7 8 10 12 13 14 15 16 17 18 19 | 19.8
Spellcasting   | 3 4 5 6 8 9 10 12 13 14 15 16 | 16.6
Shields        | 1 4 5 7 8 9 10 11 | 11.5
Fighting       | 3 6 7 8 10 11 12 | 12.0
Evocations     | 2 4 6 7 8 |  8.8
Invocations    | 2 4 5 6 7 |  7.3
Dodging        | 3 5 6 8 9 |  9.1
Armour         | 4 |  4.7
Translocations | 2 3 |  3.1
Stealth        | |  1.7

Action                     |  1- 3 |  4- 6 |  7- 9 | 10-12 | 13-15 | 16-18 || total
---------------------------+-------+-------+-------+-------+-------+-------++-------
  Melee: Unarmed           |    10 |       |       |       |       |       ||    10
         Quarterstaff      |    56 |    33 |       |       |       |       ||    89
         Long sword        |       |    38 |   182 |   277 |   508 |   240 ||  1245
         Spear             |       |    11 |       |       |       |       ||    11
         Punch             |       |     1 |     4 |     3 |    13 |       ||    21
  Throw: Dart              |       |       |       |     3 |     5 |     6 ||    14
   Cast: Call Imp          |     1 |     3 |     7 |     7 |       |       ||    18
         Call Canine Famil |     1 |     6 |    23 |    43 |    25 |     7 ||   105
         Summon Small Mamm |     1 |     1 |     3 |     2 |       |       ||     7
         Summon Guardian G |       |       |     9 |    23 |    15 |     1 ||    48
         Summon Lightning  |       |       |     2 |    36 |     5 |     1 ||    44
         Summon Hydra      |       |       |       |    12 |   110 |    97 ||   219
         Summon Forest     |       |       |       |       |    16 |     3 ||    19
         Animate Armour    |       |       |       |       |     3 |       ||     3
         Summon Cactus Gia |       |       |       |       |       |    13 ||    13
 Invoke: Channel Magic     |       |       |       |     1 |     3 |     5 ||     9
Ability: Hop               |       |       |     2 |     3 |     5 |     4 ||    14
         Evoke Blink       |       |       |       |       |     3 |       ||     3
  Evoke: Wand              |       |       |     1 |       |     3 |    10 ||    14
    Use: Scroll            |       |     2 |     3 |     2 |     7 |     9 ||    23
         Potion            |       |       |       |       |     2 |     2 ||     4
   Stab: Sleeping          |     2 |     8 |       |       |     1 |     1 ||    12
         Distracted        |       |       |       |     2 |     7 |     4 ||    13
 Armour: Robe              |    16 |    16 |    37 |     5 |       |       ||    74
         Acid dragon scale |       |       |       |    22 |       |    92 ||   114
         Troll leather arm |       |       |       |    79 |   134 |    50 ||   263
  Dodge: Dodged            |    53 |    52 |   100 |   154 |   328 |   225 ||   912
         Repelled          |       |       |       |       |     2 |     1 ||     3
  Block: Kite shield       |       |       |       |       |    68 |   285 ||   353

Table legend: (Time is in decaauts)
 A = Elapsed time spent in this place.
 B = Non-inter-level travel time spent in this place.
 C = Inter-level travel time spent in this place.
 D = Time resting spent in this place.
 E = Time spent auto-exploring this place.
 F = Levels seen in this place.
 G = Mean time per level.
                   A        B        C        D        E       F      G
               +--------+--------+--------+--------+--------+-----+--------+
         Total |  27966 |  25718 |   2248 |   3774 |  14210 |  27 | 1035.8 |
       Dungeon |  15872 |  14317 |   1555 |   1901 |   8738 |  15 | 1058.1 |
        Temple |     58 |     34 |     24 |      0 |     22 |   1 |   58.0 |
          Lair |   5881 |   5439 |    442 |    457 |   2965 |   5 | 1176.2 |
   Spider Nest |   3474 |   3352 |    122 |   1080 |   1376 |   3 | 1158.0 |
  Orcish Mines |   1833 |   1730 |    103 |    152 |    931 |   2 |  916.5 |
      Gauntlet |    847 |    847 |      0 |    183 |    176 |   1 |  847.0 |
               +--------+--------+--------+--------+--------+-----+--------+

Top non-repeatable levels by time:
  Lair:5: 1649 daAuts
Spider:2: 1607 daAuts
Spider:1: 1602 daAuts
     D:9: 1470 daAuts
     D:7: 1418 daAuts
  Lair:2: 1360 daAuts
     D:5: 1336 daAuts
    D:13: 1286 daAuts
    D:10: 1115 daAuts
   Orc:2: 1111 daAuts
     D:6: 1081 daAuts
     D:1: 1076 daAuts
  Lair:1: 1002 daAuts
     D:8: 976 daAuts
  Lair:4: 940 daAuts
